Map: Tours du crépuscule

Players

Blinky

  • Race: Protoss Protoss
  • League: Master

XiaoWangZi - Winner!

  • Race: Terran Terran
  • League: Master

VOD

Have the link to the VOD?

Description

Time

  • Played on: April 11, 2016, 11:10 a.m.
  • Length: 9:13
Show
View Real Time Build Order
Export as new Build Order

Blinky Protoss 

Build Orders:  

Get SALT Encoding   

  12  0:01  Probe (Chrono Boost)  
  13  0:11  Probe (Chrono Boost)  
  14  0:18  Pylon  
  14  0:22  Probe (Chrono Boost)  
  15  0:36  Probe (Chrono Boost)  
  15  0:39  Gateway  
  16  0:47  Probe (Chrono Boost), Assimilator  
  17  0:58  Probe (Chrono Boost)  
  18  1:08  Probe (Chrono Boost)  
  19  1:23  Probe (Chrono Boost)  
  20  1:31  Pylon  
  20  1:37  Cybernetics Core  
  20  1:38  Zealot (Chrono Boost)  
  22  1:40  Pylon  
  22  1:44  Forge  
  22  1:48  Assimilator  
  22  1:58  Gateway  
  22  2:13  Probe (Chrono Boost)  
  23  2:18  Photon Cannon  
  23  2:25  Mothership Core (Chrono Boost)  
  23  2:29  Pylon  
  21  2:51  Probe (Chrono Boost)  
  22  2:56  Adept (Chrono Boost)  
  24  3:01  Probe (Chrono Boost)  
  25  3:12  Probe  
  25  3:34  Probe  
  25  3:38  Stargate  
  25  3:40  Stalker (Chrono Boost)  
  27  3:53  Probe  
  26  3:58  Pylon  
  26  4:05  Photon Cannon  
  26  4:07  Gateway  
  26  4:16  Warp Gate (Chrono Boost)  
  26  4:30  Phoenix (Chrono Boost)  
  28  4:33  Stalker  
  30  4:43  Probe  
  30  4:44  Pylon  
  31  5:03  Pylon  
  33  5:11  Phoenix (Chrono Boost), Pylon  
  33  5:23  Pylon  
  33  5:25  Pylon  
  32  5:33  Phoenix (Chrono Boost)  
  32  5:34  Mothership Core (Chrono Boost)  
  34  5:39  Pylon  
  28  6:09  Gateway  
  28  6:11  Gateway  
  28  6:12  Cybernetics Core  
  28  6:15  Phoenix (Chrono Boost)  
  30  6:19  Stalker  
  32  6:40  Phoenix (Chrono Boost)  
  32  7:14  Sentry  
  34  7:25  Nexus  
  34  7:29  Pylon  
  34  7:34  Stalker  
  34  7:35  Stalker  
  38  7:43  Zealot  
  40  7:50  Phoenix (Chrono Boost)  
  42  8:03  Stalker x3  
  48  8:27  Stalker  
  48  8:28  Stalker  
  48  8:29  Stalker  
  52  8:58  Probe  
  52  8:59  Probe  
  54  9:06  Robotics Facility  
Show
View Real Time Build Order
Export as new Build Order

XiaoWangZi Terran - Winner!

Build Orders: Cyclone Opening 

Get SALT Encoding   

  12  0:01  SCV  
  13  0:13  SCV  
  14  0:17  Supply Depot  
  14  0:25  SCV  
  15  0:34  Refinery  
  15  0:39  SCV  
  16  0:51  SCV  
  16  0:56  Barracks  
  17  0:59  Refinery  
  17  1:03  SCV  
  18  1:15  SCV  
  19  1:33  SCV  
  20  1:43  Reaper  
  21  1:49  Factory  
  21  1:50  Orbital Command  
  21  2:07  Supply Depot  
  21  2:20  SCV  
  21  2:22  Barracks Tech Lab  
  22  2:32  SCV  
  23  2:44  SCV  
  24  2:56  SCV  
  25  2:59  Cyclone, Mag-Field Accelerator  
  28  3:10  SCV  
  26  3:22  SCV  
  27  3:34  SCV  
  27  3:44  Cyclone  
  30  3:50  SCV  
  30  3:52  Supply Depot  
  31  3:59  Barracks  
  30  4:05  SCV  
  31  4:14  Supply Depot  
  30  4:17  SCV  
  29  4:29  Cyclone, SCV  
  33  4:41  SCV  
  34  4:53  SCV  
  34  4:56  Supply Depot  
  35  5:06  SCV  
  36  5:18  SCV  
  37  5:22  Barracks Tech Lab  
  37  5:25  Starport  
  37  5:30  Barracks, SCV  
  38  5:39  Cyclone  
  38  5:41  Engineering Bay  
  38  5:42  SCV  
  42  5:54  SCV  
  40  6:07  SCV  
  40  6:11  Cyclone, Missile Turret, Stimpack  
  41  6:15  Barracks  
  44  6:27  Barracks Reactor  
  44  6:37  SCV  
  44  6:39  Marine, Starport Reactor  
  46  6:45  Supply Depot  
  46  6:46  Terran Infantry Weapons Level 1  
  46  6:52  Command Center  
  46  6:58  SCV  
  47  7:11  SCV  
  47  7:12  Barracks Reactor, Marine x2  
  47  7:13  Marine  
  47  7:15  Medivac x2  
  54  7:30  Marine  
  55  7:40  SCV  
  55  7:41  Marine x2  
  55  7:47  Missile Turret  
  55  7:48  Marine  
  56  7:52  SCV, Marine x2  
  59  7:59  Supply Depot, Marine x2  
  59  8:04  SCV  
  62  8:06  Marine  
  62  8:07  Orbital Command  
  63  8:16  SCV, Marine  
  63  8:17  Factory Reactor  
  65  8:25  Missile Turret  
  65  8:28  Marine  
  65  8:29  Marine  
  65  8:32  Marine  
  65  8:42  Marine  
  65  8:43  Marauder  
  65  8:46  Marine  
  65  8:47  Marine  
  70  8:52  Marine  
  71  8:57  Bunker, SCV  
  73  9:05  Supply Depot  
Tags
 
Add a new tag
Caveats
  • Supply blocks, unpowered buildings, or Contaminate may cause inaccurate times.
  • Supply counts are checked every 10 seconds.